 Dungeon Crawl Stone Soup version 0.19-a0-1895-g783e625 (webtiles) character file.

571 Amnesiac the Grappler (level 7, -4/99 HPs)
             Began as a Troll Berserker on Oct 18, 2016.
             Was a Follower of Trog.
             Slain by a killer bee (5 damage)
             ... on level 7 of the Dungeon.
             The game lasted 00:03:28 (742 turns).

Amnesiac the Grappler (Troll Berserker)              Turns: 742, Time: 00:03:29

Health: -4/99      AC:  5    Str: 31    XL:     7   Next: 11%
Magic:  6/6        EV: 10    Int:  3    God:    Trog [*.....]
Gold:   72         SH:  0    Dex: 11    Spells: 0 memorised, 6 levels left

rFire  . . .     SeeInvis .       - Unarmed
rCold  . . .     Gourm    +     a - +0 animal skin
rNeg   . . .     Faith    .     (no shield)
rPois  .         Spirit   .     (helmet restricted)
rElec  .         Reflect  .     (no cloak)
rCorr  +         Harm     .     (gloves unavailable)
MR     .....                    (boots unavailable)
Stlth  ..........               (no amulet)
                                (no ring)
                                n - ring of resist corrosion (curse)

@: berserking, lethally poisoned (-4 -> -17), very quick
A: unfitting armour, claws 3, fast metabolism 3, gourmand, regeneration 1,
shaggy fur 1, tough skin 2
a: Berserk, Burn Spellbooks, Renounce Religion


You were on level 7 of the Dungeon.
You worshipped Trog.
Trog was aware of your devotion.
You were full.

You visited 1 branch of the dungeon, and saw 7 of its levels.

You collected 72 gold pieces.

Inventory:

Missiles
 h - 3 curare-tipped needles
Armour
 a - a +0 animal skin (worn)
Jewellery
 n - a cursed ring of resist corrosion (left claw)
Wands
 j - a wand of digging (10/24)
Scrolls
 c - 2 scrolls of remove curse {unknown}
 e - 3 scrolls of identify {unknown}
 g - a scroll of blinking {unknown}
 m - a scroll of immolation {unknown}
Potions
 d - a potion of ambrosia {unknown}
 f - a potion of agility {unknown}
 i - 5 potions of curing {unknown}
 k - a potion of degeneration {unknown}
Comestibles
 b - 4 bread rations
 l - a meat ration


   Skills:
 - Level 2.4 Fighting
 - Level 2.4 Dodging
 + Level 8.2 Unarmed Combat


You had 6 spell levels left.
You didn't know any spells.

Dungeon Overview and Level Annotations

Branches:
Dungeon (7/15)
 Temple: D:4-7

Altars:
Hepliaklqana
Ru
Uskayaw
Yredelemnul


Innate Abilities, Weirdness & Mutations

You are too large for most types of armour.
You have claws for hands.
Your metabolism is lightning-fast.
You like to eat raw meat.
Your natural rate of healing is unusually fast.
You are covered in fur. (AC +1)
You have very tough skin. (AC +2)


Message History

You are lethally poisoned!
The killer bee poisons you!
The killer bee stings you but does no damage. x2
The killer bee closely misses you.
The killer bee stings you but does no damage.
You miss the killer bee.
* * * LOW HITPOINT WARNING * * *
You feel sick. The killer bee stings you.
* * * LOW HITPOINT WARNING * * *
The killer bee closely misses you. The killer bee barely misses you.
The killer bee stings you.
* * * LOW HITPOINT WARNING * * *
You mangle the killer bee!!
You kill the killer bee!
Trog accepts your kill.
* * * LOW HITPOINT WARNING * * *
You feel sick. The killer bee stings you.
* * * LOW HITPOINT WARNING * * *
The killer bee stings you.
You die...

## ## ... ...
....## ....
....#.### #.. .
...............
........#.#....
......y.......>
......y@.......
......y†.......
....$.#.###..(.
.....#### ...
##... . #.. #.
#.


You could see 3 killer bees.

Vanquished Creatures
  Grinder (D:4)
  The ghost of Lochraine the Ducker, an amateur TeGl of Kikubaaqudgha (D:4)
  A centaur (D:6)
  2 killer bees (D:7)
  A crimson imp (D:6)
  An adder zombie (D:5)
  An adder skeleton (D:4)
  A dart slug (D:2)
  A leopard gecko (D:4)
  2 bats (D:1)
  3 goblins
  A hobgoblin (D:1)
  A ball python (D:1)
  A frilled lizard (D:1)
  A kobold (D:1)
  3 rats
22 creatures vanquished.

Notes
Turn   | Place    | Note
-------+----------+-------------------------------------------
     0 | D:1      | Amnesiac the Troll Berserker began the quest for the Orb.
     0 | D:1      | Reached XP level 1. HP: 22/22 MP: 0/0
   221 | D:1      | Reached XP level 2. HP: 29/29 MP: 1/1
   377 | D:3      | Noticed Grinder
   412 | D:4      | Killed Grinder
   412 | D:4      | Reached skill level 6 in Unarmed Combat
   412 | D:4      | Reached XP level 3. HP: 36/36 MP: 2/2
   412 | D:4      | Reached XP level 4. HP: 44/44 MP: 3/3
   412 | D:4      | Reached XP level 5. HP: 50/50 MP: 4/4
   494 | D:4      | Noticed Lochraine's ghost (amateur TeGl)
   510 | D:4      | Killed Lochraine's ghost
   510 | D:4      | Reached skill level 7 in Unarmed Combat
   510 | D:4      | Reached XP level 6. HP: 59/59 MP: 5/5
   519 | D:5      | Entered Level 5 of the Dungeon
   645 | D:6      | Found a basalt altar of Yredelemnul.
   648 | D:6      | Found a hide-covered altar of Uskayaw.
   651 | D:6      | Found a hazy altar of Hepliaklqana.
   654 | D:6      | Found a sacrificial altar of Ru.
   738 | D:7      | Reached skill level 8 in Unarmed Combat
   738 | D:7      | Reached XP level 7. HP: 42/66 MP: 6/6
   741 | D:7      | HP: 4/99 [killer bee (5)]
   742 | D:7      | HP: 1/99 [killer bee (2)]
   742 | D:7      | Slain by a killer bee

Vault maps used:
D:1:      eino_arrival_cavern_e
D:2:      grunt_temple_overflow_diamond, old_standard_altar,
          serial_bayou_pond_c, uniq_natasha
D:3:      uniq_grinder, uniq_sigmund
D:4:      uniq_crazy_yiuf_cottage
D:5:      chequers_temple_overflow_minitemple, first_bread,
          kennysheep_generic_room_5
D:6:      overflow_temple_1_default, grunt_temple_overflow_cloverleaf,
          uniq_eustachio
D:7:      overflow_temple_1_default, uniq_prince_ribbit1

Skill      XL: |  1  2  3  4  5  6 |
---------------+-------------------+-----
Unarmed Combat | 6 7 8 |  8.2
Fighting       | |  2.4
Dodging        | |  2.4

Action                   |  1- 3 |  4- 6 |  7- 9 || total
-------------------------+-------+-------+-------++-------
Melee: Unarmed           |    36 |    34 |     4 ||    74
       Punch             |     1 |     1 |       ||     2
Invok: Berserk           |     1 |     2 |       ||     3
  Eat: Chunk             |     5 |     6 |       ||    11
Armor: Animal skin       |    14 |     3 |     6 ||    23
Dodge: Dodged            |    14 |    16 |     4 ||    34
